 Dungeon Crawl Stone Soup version 0.21.1-1-g345015f (webtiles) character file.

90 sking99 the Insei (level 4, 38/38 HPs)
             Began as a Naga Transmuter on June 21, 2018.
             Quit the game on level 2 of the Dungeon.
             The game lasted 00:09:25 (1901 turns).

sking99 the Insei (Naga Transmuter)                 Turns: 1901, Time: 00:09:25

Health: 38/38      AC:  2    Str: 12    XL:     4   Next: 56%
Magic:  4/7        EV: 19    Int: 14    God:
Gold:   72         SH:  0    Dex: 17    Spells: 1/7 levels left

rFire    . . .     SeeInvis +     - Unarmed
rCold    . . .     Gourm    .   (shield currently unavailable)
rNeg     . . .     Faith    .   (armour currently unavailable)
rPois    x         Spirit   .   (helmet currently unavailable)
rElec    .         Reflect  .   (cloak currently unavailable)
rCorr    .         Harm     .   (gloves currently unavailable)
MR       .....                  (no barding)
Stlth    ++........             (no amulet)
HPRegen  0.12/turn              (no ring)
MPRegen  0.10/turn              (no ring)

@: spider-form
A: tiny, see invisible, slow metabolism 1, spit poison 1, AC +1
a: Spit Poison, End Transformation


You were on level 2 of the Dungeon.
You were not hungry.
You were a venomous arachnid creature.
You visited 1 branch of the dungeon, and saw 2 of its levels.

You collected 72 gold pieces.

Inventory:

Missiles
 a - 66 arrows (quivered)
Armour
 b - a +0 robe (melded)
Scrolls
 f - a scroll of noise
 k - a scroll of teleportation
 l - a scroll of enchant armour {unknown}
Potions
 e - 2 potions of flight {unknown}
 g - a potion of heal wounds {unknown}
 i - a potion of lignification {unknown}
 j - 2 potions of cancellation {unknown}
 m - a potion of degeneration {unknown}
Books
 c - a book of Changes

   Spells                             Type                      Level
   a - Beastly Appendage              Transmutation                1
   b - Sticks to Snakes               Transmutation                2
   c - Spider Form                    Transmutation/Poison         3
   d - Ice Form                       Ice/Transmutation            4
   e - Blade Hands                    Transmutation                5
Comestibles
 d - 7 rations
 h - 4 chunks of flesh


   Skills:
 - Level 1.2 Fighting
 - Level 1.7 Dodging
 + Level 2.2 Stealth
 + Level 3.6 Unarmed Combat
 + Level 2.4 Spellcasting
 * Level 2.9 Transmutations
 - Level 1.1 Poison Magic


You had one spell level left.
You knew the following spells:

 Your Spells              Type           Power        Failure   Level  Hunger
a - Spider Form           Tmut/Pois      #.........   52%         3    ###....
b - Sticks to Snakes      Tmut           #.......     26%         2    ###....
c - Beastly Appendage     Tmut           #.....       19%         1    #......


Dungeon Overview and Level Annotations

Branches:
Dungeon (2/15)

Altars:


Innate Abilities, Weirdness & Mutations

You cannot wear boots.
((Your serpentine skin is tough. (AC +1)))
You have supernaturally acute eyesight. (SInv)
((Armour fits poorly on your strangely shaped body.))
((Your system is resistant to poisons. (rPois)))
((You cover ground very slowly.))
You have a slow metabolism.
You can spit poison.


Message History

The worker ant twitches its antennae in your direction.
Casting: Sticks to Snakes
Confirm with . or Enter, or press ? or * to list all spells.
You turn into a venomous arachnid creature.
Your +0 robe melds into your body.
You hit the worker ant.
The worker ant is poisoned.
The worker ant is moderately wounded.
The worker ant completely misses you.
You hit the worker ant but do no damage.
The worker ant looks as sick as possible!
The worker ant is heavily wounded.
The worker ant bites you but does no damage.
You hit the worker ant.
The worker ant is severely wounded.
You kill the worker ant!
Training target 1.0 for Poison Magic reached!
Your Stealth skill increases to level 2!
Your Poison Magic skill increases to level 1!
You see here a worker ant corpse.
Are you sure you want to abandon this character and quit the game? (Confirm with "yes".)

##### #...
#...#### +.. #>.
#.. #.######
#.###.......
#.##.....#
#s.......#
.......###.....#
######+ #.....##
# ##.....######
.
...##.....'....#
.
..........####.#
#
...#........##.#
. ..
#.###'#.....#.#
.
#.....#.#####.#


There were no monsters in sight!

Vanquished Creatures
  A worker ant (D:2)
  2 adders (D:2)
  An ooze (D:2)
  A dart slug (D:2)
  3 leopard geckos (D:2)
  A ball python (D:2)
  3 giant cockroaches
  4 goblins
  4 hobgoblins
  5 kobolds
  A quokka (D:2)
  2 bats (D:1)
  3 frilled lizards (D:2)
  6 rats
37 creatures vanquished.

Vanquished Creatures (collateral kills)
  A hobgoblin (D:1)
1 creature vanquished.

Grand Total: 38 creatures vanquished

Notes
Turn   | Place    | Note
-------+----------+-------------------------------------------
     0 | D:1      | sking99 the Naga Transmuter began the quest for the Orb.
     0 | D:1      | Reached XP level 1. HP: 18/18 MP: 3/3
   928 | D:1      | Reached XP level 2. HP: 15/25 MP: 5/5
  1067 | D:1      | Learned a level 2 spell: Sticks to Snakes
  1482 | D:2      | Reached skill level 1 in Stealth
  1482 | D:2      | Reached XP level 3. HP: 31/31 MP: 6/6
  1487 | D:2      | Learned a level 3 spell: Spider Form
  1776 | D:2      | Reached XP level 4. HP: 37/38 MP: 7/7
  1899 | D:2      | Reached skill level 1 in Poison Magic
  1901 | D:2      | Quit the game

Skill      XL: |  1  2  3  4 |
---------------+-------------+-----
Stealth        | 1 2 |  2.2
Poison Magic   | 1 |  1.1
Fighting       | |  1.2
Dodging        | |  1.7
Unarmed Combat | |  3.6
Spellcasting   | |  2.4
Transmutations | |  2.9

Action                   |  1- 3 |  4- 6 || total
-------------------------+-------+-------++-------
Melee: Unarmed           |    66 |    13 ||    79
       Punch             |       |     1 ||     1
 Cast: Beastly Appendage |     4 |       ||     4
       Sticks to Snakes  |     1 |       ||     1
       Spider Form       |       |     1 ||     1
 Abil: Spit Poison       |    18 |     5 ||    23
  Use: Scroll            |     3 |       ||     3
  Eat: Chunk             |     3 |     1 ||     4
Armor: Robe              |    12 |       ||    12
       Skin              |       |     1 ||     1
Dodge: Dodged            |    38 |     6 ||    44
